 Dungeon Crawl Stone Soup version 0.24-a0-500-g46574c2197 (webtiles) character file.

Game seed: 5679666295264380407

2128 Bapho the Skirmisher (level 9, -3/86 HPs)
             Began as a Demonspawn Gladiator on July 15, 2019.
             Was a Plaything of Xom.
             Slain by a sixfirhy (5 damage)
             ... summoned by Xom
             ... on level 6 of the Dungeon.
             The game lasted 00:19:19 (9073 turns).

Bapho the Skirmisher (Demonspawn Gladiator)         Turns: 9073, Time: 00:19:20

Health: -3/86      AC: 13    Str: 20    XL:     9   Next: 8%
Magic:  9/9        EV:  9    Int: 10    God:    Xom [....*.]
Gold:   532        SH:  0    Dex: 17    Spells: 8/8 levels left

rFire    . . .     SeeInvis +   a - +0 long sword
rCold    . . .     Gourm    +   (no shield)
rNeg     . . .     Faith    .   r - +0 plate armour
rPois    .         Spirit   .   (helmet restricted)
rElec    .         Reflect  .   (no cloak)
rCorr    .         Harm     .   (no gloves)
MR       +....                  (no boots)
Stlth    ..........             A - amulet of the gourmand
HPRegen  0.24/turn              l - +3 ring of strength
MPRegen  0.11/turn              h - ring of protection from magic

@: no status effects
A: antennae 1, see invisible, agile 1, demonic guardian 1, robust 2, shaggy fur
1, rot immunity, subdued magic 1, sturdy frame 1
a: Renounce Religion


You were on level 6 of the Dungeon.
You worshipped Xom.
You were a beloved toy of Xom.
You were very full.

You visited 1 branch of the dungeon, and saw 6 of its levels.
You also visited: Sewer and Ossuary.

You collected 532 gold pieces.

Inventory:

Hand Weapons
 a - a +0 long sword (weapon)
Missiles
 g - 102 stones (quivered)
Armour
 b - a +0 leather armour
 c - a +0 helmet
 d - a +0 scale mail
 r - a +0 plate armour (worn)
Jewellery
 h - a ring of protection from magic (right hand)
 l - a +3 ring of strength (left hand)
 A - an amulet of the gourmand (around neck)
Scrolls
 i - 2 scrolls of noise {unknown}
 k - 2 scrolls of enchant armour {unknown}
 m - 3 scrolls of blinking {unknown}
 n - 4 scrolls of remove curse
 s - 4 scrolls of teleportation {unknown}
 t - 2 scrolls of immolation
 y - 2 scrolls of fog {unknown}
 D - a scroll of fear {unknown}
 E - a scroll of magic mapping
 F - a scroll of identify
Potions
 e - 5 potions of heal wounds
 j - 2 potions of brilliance
 o - 2 potions of mutation
 p - a potion of invisibility {unknown}
 q - 4 potions of might {unknown}
 u - 2 potions of curing {unknown}
 v - a potion of resistance
 w - a potion of ambrosia {unknown}
 x - 2 potions of degeneration
 z - 2 potions of flight {unknown}
 B - 2 potions of haste {unknown}
 C - a potion of magic
Comestibles
 f - 8 rations
 G - 4 chunks of flesh


   Skills:
 * Level 7.3 Fighting
 + Level 6.5 Long Blades
 - Level 1.7 Throwing
 - Level 6.3 Armour
 * Level 2.9 Dodging


You had 8 spell levels left.
You didn't know any spells.
Your spell library contained the following spells:

 Spells                   Type           Power        Failure   Level  Hunger
 Beastly Appendage        Tmut           #.....       99%         1    ##.....
 Sticks to Snakes         Tmut           #.......     99%         2    ###....
 Spider Form              Tmut/Pois      #.........   100%        3    ####...
 Ice Form                 Ice/Tmut       #.......     100%        4    #####..
 Blade Hands              Tmut           #.........   100%        5    ######.


Dungeon Overview and Level Annotations

Branches:
Dungeon (6/15)             Temple (0/1) D:5

Altars:
Ashenzari
Elyvilon
Fedhas
Hepliaklqana
Nemelex Xobeh
Uskayaw
Vehumet
Xom
Zin

Shops:
D:4 (


Innate Abilities, Weirdness & Mutations

You have a pair of small antennae on your head.
A weak demonic guardian rushes to your aid.
You are immune to rotting.
Your movements are slightly less encumbered by armour. (ER -2)
You have supernaturally acute eyesight. (SInv)
You are agile. (Dex +2)
You are very robust. (+20% HP)
You are covered in fur. (AC +1)
Your spells are a little easier to cast, but a little less powerful.


Message History

Unknown command.
Okay, then.
The sixfirhy hits your white imp! The sixfirhy shocks your white imp!
Your white imp dies!
Your quasit misses the sixfirhy.
Your quasit completely misses the sixfirhy. x2
The sixfirhy hits you. The sixfirhy shocks you!
The sixfirhy closely misses you.
Your quasit bites the sixfirhy.
Your quasit completely misses the sixfirhy.
Your quasit claws the sixfirhy.
The sixfirhy hits you! The sixfirhy shocks you!
The sixfirhy hits you but does no damage.
The sixfirhy hits you. The sixfirhy shocks you!
* * * LOW HITPOINT WARNING * * *
The sixfirhy hits you but does no damage.
The sixfirhy hits you.
* * * LOW HITPOINT WARNING * * *
The sixfirhy shocks you!
* * * LOW HITPOINT WARNING * * *
The sixfirhy hits you.
You die...

#.......# ........#
#.......# ........#
#.......# ........#
#.......# ##+####.#
#....)..#######......#
#...5..((.((....######
##......5..((....+
........533.(.(....######
..........@((............
.................(.######
......####.........#
...... #.........# ......
#.........# ....
##(.......# #........#
#........# ##########


You could see 2 sixfirhies, an iron imp, a shadow imp and a friendly quasit.

Vanquished Creatures
  Pikel (D:5)
  Eustachio (D:5)
  Menkaure (D:3)
  Duvessa (D:5)
  A slave (D:5)
  A phantom (D:4)
  A centaur (D:6)
  3 elf zombies (D:4)
  2 elf skeletons (D:4)
  Dowan (D:5)
  2 scorpions
  2 howler monkeys (D:4)
  A centaur zombie (D:5)
  A jelly (D:5)
  2 centaur skeletons
  A human zombie (D:4)
  A hound (D:6)
  An orc priest (D:3)
  2 orc wizards
  A bullfrog skeleton (D:6)
  4 human skeletons (D:4)
  2 iguanas (D:5)
  A worker ant (D:5)
  8 mummies (Ossuary)
  A worker ant zombie (D:5)
  13 adders
  A shadow imp (D:5)
  An ooze (D:1)
  3 adder skeletons
  3 worms
  4 dart slugs
  2 leopard geckos (D:3)
  12 orcs
  5 giant cockroaches
  A gnoll zombie (Ossuary)
  7 goblins
  11 hobgoblins
  10 jackals
  6 kobolds
  7 ball pythons
  6 bats
  8 frilled lizards
  3 hobgoblin zombies (Ossuary)
  A kobold zombie (Ossuary)
  4 orc zombies
  A quokka skeleton (D:4)
  3 rats
155 creatures vanquished.

Vanquished Creatures (collateral kills)
  2 slaves (D:5)
  An adder skeleton (D:4)
  An orc (D:4)
4 creatures vanquished.

Vanquished Creatures (others)
  An orc wizard (D:4)
  A leopard gecko (D:3)
2 creatures vanquished.

Grand Total: 161 creatures vanquished

Notes
Turn   | Place    | Note
-------+----------+-------------------------------------------
     0 | D:1      | Bapho the Demonspawn Gladiator began the quest for the Orb.
     0 | D:1      | Reached XP level 1. HP: 16/16 MP: 1/1
   423 | D:1      | Gained mutation: You are immune to rotting. [demonic
                  | ancestry]
   423 | D:1      | Reached XP level 2. HP: 22/22 MP: 2/2
  1265 | D:2      | Gained mutation: You have a pair of small antennae on your
                  | head. [demonic ancestry]
  1265 | D:2      | Reached XP level 3. HP: 24/27 MP: 3/3
  1818 | D:2      | Found a hazy altar of Hepliaklqana.
  1837 | D:2      | Reached XP level 4. HP: 10/33 MP: 4/4
  2562 | D:2      | Found a blossoming altar of Fedhas.
  2591 | D:2      | Found a blossoming altar of Fedhas.
  2614 | D:2      | Found a shimmering altar of Xom.
  2617 | D:2      | Found a hide-covered altar of Uskayaw.
  2947 | D:2      | Found a shattered altar of Ashenzari.
  2950 | D:2      | Found a radiant altar of Vehumet.
  2964 | D:2      | Became a worshipper of Xom of Chaos
  3078 | D:2      | XOM: harmless Ice miscast
  3204 | D:2      | XOM: divination: magic mapping
  3420 | D:3      | XOM: harmless Ice miscast
  3570 | D:3      | Reached skill level 1 in Armour
  3658 | D:3      | XOM: harmless Summ miscast
  3796 | D:3      | XOM is BORED!
  3796 | D:3      | XOM: medium Erth miscast
  3953 | D:3      | Found a white marble altar of Elyvilon.
  3969 | D:3      | XOM: scenery: create altars
  4041 | D:3      | Reached XP level 5. HP: 39/39 MP: 5/5
  4119 | D:3      | XOM: divination: magic mapping
  4165 | D:3      | Found a glowing silver altar of Zin.
  4351 | D:3      | XOM: god gift: 59 gold pieces
  4354 | D:4      | Noticed Menkaure
  4355 | D:4      | Noticed a phantom
  4360 | D:3      | XOM: fake destruction
  4360 | D:3      | XOM: butterfly on damage
  4366 | D:3      | Killed Menkaure
  4366 | D:3      | Reached skill level 3 in Fighting
  4366 | D:3      | Reached skill level 5 in Long Blades
  4366 | D:3      | Reached XP level 6. HP: 14/47 MP: 6/6
  4588 | D:4      | XOM: cast spell 'Ring of Flames'
  4629 | D:4      | Found Boletim's Weapon Shoppe.
  4651 | D:4      | XOM: cast spell 'Cause Fear'
  4667 | D:4      | XOM: summons friendly white imp
  4669 | D:4      | XOM: cast spell 'Statue Form'
  4679 | D:4      | XOM: enchant monster (good)
  4679 | D:4      | Reached skill level 4 in Fighting
  4686 | D:4      | XOM: noise
  4692 | D:4      | Gained mutation: Your movements are slightly less
                  | encumbered by armour. (ER -2) [demonic ancestry]
  4692 | D:4      | Reached XP level 7. HP: 54/54 MP: 7/7
  4695 | D:4      | XOM: polymorph frilled lizard -> orc
  4721 | D:4      | XOM: 6-stop teleportation journey
  4798 | D:4      | Found a sand-covered staircase.
  4818 | Ossuary  | Entered an ossuary
  5167 | Ossuary  | Reached skill level 5 in Fighting
  5293 | Ossuary  | XOM: butterfly on damage
  5640 | D:4      | XOM: noise
  5779 | D:4      | Reached XP level 8. HP: 56/63 MP: 8/8
  5953 | D:4      | XOM: mild Conj miscast
  5970 | D:4      | XOM: smoke on damage
  6031 | D:4      | XOM: 9-stop teleportation journey
  6258 | D:4      | Found a sparkling altar of Nemelex Xobeh.
  6265 | D:4      | XOM: harmless Air miscast
  6356 | D:5      | Entered Level 5 of the Dungeon
  6471 | D:5      | XOM: noise
  6535 | D:5      | Noticed Eustachio
  6564 | D:5      | XOM: enchant monster (bad)
  6570 | D:5      | XOM: summons friendly shadow imp
  6634 | D:5      | XOM: polymorph quokka -> frilled lizard
  6638 | D:5      | XOM: cast spell 'Summon Ice Beast'
  6679 | D:5      | Killed Eustachio
  6679 | D:5      | Reached skill level 6 in Fighting
  6679 | D:5      | Reached skill level 5 in Armour
  6710 | D:5      | Noticed Duvessa
  6710 | D:5      | Noticed Dowan
  6713 | D:5      | XOM: scenery: create altars
  6714 | D:5      | XOM: summons 8 friendly demons
  6740 | D:5      | Killed Duvessa
  6753 | D:5      | Killed Dowan
  6825 | D:5      | Noticed Pikel
  6825 | D:5      | XOM: summons friendly ufetubus
  6844 | D:5      | XOM: confuse monster(s)
  6845 | D:5      | XOM: summons 4 friendly demons
  6856 | D:5      | XOM: summons 2 friendly demons
  6887 | D:5      | Killed Pikel
  7047 | D:5      | Found a glowing drain.
  7067 | D:5      | XOM: give mutations
  7067 | D:5      | Gained mutation: You are weak. (Str -2) [Xom's mischief]
  7067 | D:5      | Gained mutation: Armour fits poorly on your strangely
                  | shaped body. [Xom's mischief]
  7070 | Sewer    | Entered a sewer
  7133 | Sewer    | Reached skill level 7 in Fighting
  7762 | D:5      | XOM: give mutations
  7762 | D:5      | Gained mutation: You are dopey. (Int -2) [Xom's mischief]
  7762 | D:5      | Gained mutation: You are frail. (-10% HP) [Xom's mischief]
  7762 | D:5      | Gained mutation: Your spells are a little easier to cast,
                  | but a little less powerful. [Xom's mischief]
  7762 | D:5      | Gained mutation: You occasionally shout uncontrollably at
                  | your foes. [Xom's mischief]
  7807 | D:5      | Lost mutation: You are weak. (Str -2) [potion of mutation]
  7807 | D:5      | Lost mutation: You are frail. (-10% HP) [potion of
                  | mutation]
  7807 | D:5      | Lost mutation: You occasionally shout uncontrollably at
                  | your foes. [potion of mutation]
  7807 | D:5      | Gained mutation: You have supernaturally acute eyesight.
                  | (SInv) [potion of mutation]
  7807 | D:5      | Gained mutation: You are agile. (Dex +2) [potion of
                  | mutation]
  7808 | D:5      | Lost mutation: Armour fits poorly on your strangely shaped
                  | body. [potion of mutation]
  7808 | D:5      | Lost mutation: You are dopey. (Int -2) [potion of mutation]
  7808 | D:5      | Gained mutation: You are robust. (+10% HP) [potion of
                  | mutation]
  7808 | D:5      | Gained mutation: You are covered in fur. (AC +1) [potion of
                  | mutation]
  7808 | D:5      | Gained mutation: You are very robust. (+20% HP) [potion of
                  | mutation]
  8018 | D:5      | XOM: 3-stop teleportation journey
  8485 | D:5      | Found a staircase to the Ecumenical Temple.
  8651 | D:5      | XOM: summons 4 hostile demons
  8652 | D:5      | Noticed a smoke demon
  8665 | D:5      | XOM: smoke on damage
  8677 | D:6      | Gained mutation: A weak demonic guardian rushes to your
                  | aid. [demonic ancestry]
  8677 | D:6      | Reached XP level 9. HP: 48/86 MP: 9/9
  8922 | D:6      | XOM: summons 1 hostile demon
  9069 | D:6      | XOM: summons 4 hostile demons
  9070 | D:6      | Noticed a sixfirhy
  9070 | D:6      | Noticed a sixfirhy
  9073 | D:6      | HP: 2/86 [sixfirhy[Xom] (11)]
  9073 | D:6      | Slain by a sixfirhy

Levels and vault maps discovered:
D:1:      dpeg_arrival_boxorama, layout_loops_corners
D:2:      layout_loops_ring, lemuel_crystal_altar, old_standard_altar,
          grunt_temple_overflow_cloverleaf, first_ration,
          hangedman_abyss_or_decor_lesser_grid, hangedman_decor_peaks_small,
          fedhas_ov_isle_minmay
D:3:      layout_basic, zin_statuary, elyvilon_altar_4
D:4:      layout_cave_pools, marbit_many_paths, serial_shops,
          nicolae_shop_crystal, nicolae_ossuary_entry_catacombs, uniq_menkaure
D:5:      layout_cave_pods, minmay_temple_entry_nine_rooms,
          cheibrodos_sewer_entry_bend, uniq_eustachio, uniq_pikel, uniq_duvessa
D:6:      layout_basic, slow_altar_1, serial_shops, shop, shop_coins,
          nicolae_shop_stone, uniq_edmund, uniq_blork_the_orc

Skill      XL: |  1  2  3  4  5  6  7  8 |
---------------+-------------------------+-----
Long Blades    | 3 4 5 6 |  6.5
Armour         | 1 2 3 4 6 |  6.3
Fighting       | 3 4 5 7 |  7.3
Throwing       | |  1.7
Dodging        | |  2.9

Action                   |  1- 3 |  4- 6 |  7- 9 || total
-------------------------+-------+-------+-------++-------
Melee: Long sword        |   112 |   174 |   449 ||   735
Throw: Throwing net      |     6 |       |       ||     6
       Stone             |    43 |    94 |   157 ||   294
  Use: Scroll            |       |     5 |     3 ||     8
       Potion            |       |       |     4 ||     4
  Eat: Chunk             |     3 |    10 |    21 ||    34
       Ration            |       |       |     1 ||     1
Armor: Leather armour    |     4 |       |       ||     4
       Plate armour      |    72 |   143 |   221 ||   436
       Skin              |       |    48 |    10 ||    58
Dodge: Dodged            |    31 |   109 |   173 ||   313
       Rpst.: Long sword |     7 |    28 |    53 ||    88

Table legend:
 A = Non-vault XP
 B = Vault XP
 C = Vault XP percentage of total XP
 D = Non-vault monster count
 E = Vault monster count
 F = Vault count percentage of total count
                 A         B        C        D         E       F
            +---------+---------+-------+---------+---------+-------
      Total |    1238 |    1803 |  59.3 |     110 |      47 |  29.9
            +---------+---------+-------+---------+---------+-------
        D:1 |      32 |       0 |   0.0 |      14 |       0 |   0.0
        D:2 |     110 |       0 |   0.0 |      27 |       0 |   0.0
        D:3 |      91 |     169 |  65.0 |      23 |       1 |   4.2
        D:4 |     408 |     680 |  62.5 |      20 |      12 |  37.5
        D:5 |     314 |     750 |  70.5 |      16 |       6 |  27.3
        D:6 |     283 |       0 |   0.0 |      10 |       0 |   0.0
      Sewer |       0 |      51 | 100.0 |       0 |      12 | 100.0
    Ossuary |       0 |     153 | 100.0 |       0 |      16 | 100.0
            +---------+---------+-------+---------+---------+-------
